[Event "3rd FIDE WCCC Blitz G10 2019"]
[Site "Minsk"]
[Date "2019.08.18"]
[Round "4.6"]
[White "Fedorova, Olesya"]
[Black "Moskalets, Sofiia"]
[Result "1-0"]
[ECO "B22"]
[WhiteElo "1524"]
[BlackElo "1291"]
[Annotator "NA"]
[PlyCount "147"]
[EventDate "2019.08.18"]
[EventType "swiss"]
[EventCountry "BLR"]
[SourceTitle "playchess.com"]
[Source "ChessBase"]
[SourceQuality "1"]
[TimeControl "300+2"]

1. e4 c5 2. c3 g6 3. d4 cxd4 4. cxd4 d5 5. e5 Nc6 6. Nf3 Bg7 7. Nc3 e6 8. Bb5 Bd7 9. O-O Nge7 10. Be3 O-O 11. Bxc6 Bxc6 12. Rc1 Rc8 13. a3 Nf5 14. Bg5 Qd7 15. Qd2 h6 16. Be3 Nxe3 17. fxe3 Kh7 18. h3 Qe7 19. Nh2 h5 20. Nf3 Bh6 21. Qe2 Rg8 22. Rcd1 Rcf8 23. e4 dxe4 24. Nxe4 Bxe4 25. Qxe4 Kh8 26. Nd2 Bxd2 27. Rxd2 Kg7 28. Rc2 Rc8 29. Rfc1 Qd7 30. Rc3 Rgd8 31. Qf4 Rxc3 32. bxc3 Kg8 33. Rb1 b6 34. Rf1 Qe7 35. a4 Rc8 36. Qf3 Rd8 37. Qf4 Rc8 38. Rf3 Kg7 39. Qe3 Rc7 40. Rf1 Rc8 41. Qf3 Rc7 42. Kh2 Rc8 43. Ra1 Rc7 44. Rf1 Rc8 45. Ra1 Rd8 46. Rf1 Rd7 47. Ra1 Rc7 48. Rf1 Rc8 49. Rf2 Qc7 50. Qf6+ Kg8 51. Rf3 Qd8 52. Qxf7+ Kh8 53. Qxe6 Rc7 54. Qxg6 Rd7 55. Qxh5+ Rh7 56. Qf5 Rg7 57. Qf8+ Rg8 58. Qxd8 Rxd8 59. g4 Rc8 60. Kg3 Kg7 61. g5 Kg6 62. Kg4 Rc4 63. h4 Rxa4 64. h5+ Kg7 65. h6+ Kg8 66. g6 Rc4 67. Kg5 Rc7 68. h7+ Rxh7 69. gxh7+ Kxh7 70. e6 Kg7 71. e7 Kh7 72. e8=Q a5 73. Qg6+ Kh8 74. Rf8# 1-0

[Event "3rd FIDE WCCC Blitz G10 2019"]
[Site "Minsk"]
[Date "2019.08.18"]
[Round "5.1"]
[White "Shukhman, Anna"]
[Black "Satanovskaia, Evgeniia"]
[Result "1-0"]
[ECO "C18"]
[WhiteElo "1806"]
[BlackElo "1399"]
[Annotator "NA"]
[PlyCount "77"]
[EventDate "2019.08.18"]
[EventType "swiss"]
[EventCountry "BLR"]
[SourceTitle "playchess.com"]
[Source "ChessBase"]
[SourceQuality "1"]
[TimeControl "300+2"]

1. e4 e6 2. d4 d5 3. Nc3 Bb4 4. e5 c5 5. a3 Bxc3+ 6. bxc3 Nc6 7. Qg4 Kf8 8. Bd3 Nge7 9. Ne2 Ng6 10. O-O Qh4 11. Qf3 cxd4 12. g3 Ngxe5 13. Qg2 Qf6 14. cxd4 Nxd3 15. cxd3 Nxd4 16. Nxd4 Qxd4 17. Be3 Qf6 18. Rac1 Kg8 19. Rc7 h6 20. Rfc1 Kh7 21. Qh3 b6 22. Qg4 e5 23. Rxc8 Rhxc8 24. Rxc8 Rxc8 25. Qxc8 d4 26. Bc1 Qf3 27. Qc4 a5 28. a4 h5 29. h4 f6 30. Ba3 Kg6 31. Bd6 Kh7 32. Bc7 Qb7 33. Qf7 Qf3 34. Qc4 Qb7 35. Bd6 Qf3 36. Qc2 e4 37. dxe4 d3 38. Qd2 Qxe4 39. Bf4 1-0

[Event "3rd FIDE WCCC Blitz G10 2019"]
[Site "Minsk"]
[Date "2019.08.18"]
[Round "5.2"]
[White "Khamdamova, Afruza"]
[Black "Nurgaliyeva, Zarina"]
[Result "1-0"]
[ECO "C72"]
[WhiteElo "1607"]
[BlackElo "1474"]
[Annotator "NA"]
[PlyCount "99"]
[EventDate "2019.08.18"]
[EventType "swiss"]
[EventCountry "BLR"]
[SourceTitle "playchess.com"]
[Source "ChessBase"]
[SourceQuality "1"]
[TimeControl "300+2"]

1. e4 e5 2. Nf3 Nc6 3. Bb5 a6 4. Ba4 d6 5. O-O Bd7 6. c3 g6 7. d4 Bg7 8. Re1 Nf6 9. Bg5 h6 10. Bh4 O-O 11. Nbd2 Re8 12. Bb3 b5 13. h3 Na5 14. Bc2 c5 15. Nf1 Nb7 16. Qd2 Bc6 17. d5 Bd7 18. a4 c4 19. N1h2 g5 20. Bg3 Nc5 21. axb5 axb5 22. Qe3 Qb6 23. Nd2 Ra7 24. Rxa7 Qxa7 25. b4 cxb3 26. Nxb3 Qa2 27. Nxc5 dxc5 28. Bd3 Qa7 29. h4 Nh7 30. hxg5 Nxg5 31. Nf3 Nxf3+ 32. Qxf3 Qa2 33. Qe3 Rc8 34. Rf1 Qb3 35. Be2 b4 36. cxb4 Qxb4 37. f4 exf4 38. Qxf4 Rf8 39. Bg4 Bxg4 40. Qxg4 Qd4+ 41. Kh1 c4 42. d6 c3 43. Rd1 Qf6 44. e5 Qd8 45. Bh4 c2 46. Bxd8 cxd1=Q+ 47. Qxd1 Rxd8 48. Qd5 Kf8 49. d7 Ke7 50. Qd6# 1-0

[Event "3rd FIDE WCCC Blitz G10 2019"]
[Site "Minsk"]
[Date "2019.08.18"]
[Round "5.3"]
[White "Ho, Ngoc Vy"]
[Black "Mizerova, Yana"]
[Result "1-0"]
[ECO "D45"]
[WhiteElo "1327"]
[BlackElo "1451"]
[Annotator "NA"]
[PlyCount "81"]
[EventDate "2019.08.18"]
[EventType "swiss"]
[EventCountry "BLR"]
[SourceTitle "playchess.com"]
[Source "ChessBase"]
[SourceQuality "1"]
[TimeControl "300+2"]

1. d4 d5 2. c4 e6 3. Nf3 c6 4. e3 Nf6 5. Nc3 Bd6 6. Bd3 dxc4 7. Bxc4 b5 8. Bd3 Nbd7 9. O-O O-O 10. Qc2 Bb7 11. e4 e5 12. dxe5 Nxe5 13. Nxe5 Bxe5 14. Rd1 Qc7 15. h3 Rad8 16. Be3 a6 17. Rac1 c5 18. b3 c4 19. bxc4 bxc4 20. Be2 Bxc3 21. Qxc3 Nxe4 22. Qxc4 Qxc4 23. Bxc4 Rc8 24. Be2 Nc3 25. Rd2 Nxe2+ 26. Rxe2 Rfe8 27. Rec2 Rxc2 28. Rxc2 Rc8 29. Rb2 Bd5 30. a4 h6 31. a5 Rc4 32. Rd2 Be6 33. Rd6 Bc8 34. Rd8+ Kh7 35. Rf8 Be6 36. Ra8 Bc8 37. Ra7 Kg6 38. Kf1 Rc6 39. Bb6 Rd6 40. Rc7 Rd8 41. Rc6+ 1-0

[Event "3rd FIDE WCCC Blitz G10 2019"]
[Site "Minsk"]
[Date "2019.08.18"]
[Round "5.4"]
[White "Mutina, Sofia"]
[Black "Huynh, Phuc Minh Phuong"]
[Result "0-1"]
[ECO "A01"]
[WhiteElo "1421"]
[BlackElo "1254"]
[Annotator "NA"]
[PlyCount "182"]
[EventDate "2019.08.18"]
[EventType "swiss"]
[EventCountry "BLR"]
[SourceTitle "playchess.com"]
[Source "ChessBase"]
[SourceQuality "1"]
[TimeControl "300+2"]

1. b3 d5 2. e3 Nf6 3. Bb2 e6 4. Nf3 Be7 5. Ne5 Nbd7 6. f4 O-O 7. Bd3 h6 8. O-O c5 9. Rf3 b6 10. Nc6 Qe8 11. Bb5 Bb7 12. Nxe7+ Qxe7 13. Bxd7 Nxd7 14. Rg3 Nf6 15. d3 Rad8 16. Nd2 b5 17. Nf3 c4 18. a4 b4 19. Bd4 a5 20. bxc4 dxc4 21. dxc4 Rc8 22. Qd3 Be4 23. Qe2 Rc6 24. Ne5 Rcc8 25. Rb1 Bf5 26. Rb2 Rc7 27. Bb6 Rb7 28. Bd4 Qe8 29. Nd3 Qe7 30. Bc5 Bxd3 31. Bxe7 Bxe2 32. Bxf8 Kxf8 33. e4 Bxc4 34. Re3 Ke7 35. h3 Rd7 36. Kf2 Rd2+ 37. Kf3 Rd7 38. g4 Rd6 39. e5 Rc6 40. exf6+ Kxf6 41. Kg3 Bd5 42. h4 g5 43. fxg5+ hxg5 44. h5 Kg7 45. Kf2 Kh6 46. Kg3 f6 47. Kh3 e5 48. Kg3 Be6 49. Kh3 Rc4 50. Rg3 Rf4 51. Rbb3 e4 52. Rbe3 Bd5 53. c3 b3 54. Re2 Rf3 55. Rxf3 exf3 56. Rb2 Kg7 57. Kg3 Kh6 58. c4 Bxc4 59. Kxf3 Kg7 60. Ke4 Be6 61. Kf3 Bc4 62. Ke4 Be6 63. Rg2 Kf7 64. Kd4 Kg7 65. Kc5 Kh6 66. Kb5 f5 67. gxf5 Bxf5 68. Rb2 Bc2 69. Kxa5 g4 70. Kb6 g3 71. a5 g2 72. a6 g1=Q+ 73. Kb7 Qg2+ 74. Kb6 Qf2+ 75. Kb7 Qf3+ 76. Kb8 Qf4+ 77. Kb7 Qe4+ 78. Kb6 Qd4+ 79. Kb7 Qxb2 80. a7 Qa2 81. a8=Q Qxa8+ 82. Kxa8 b2 83. Ka7 b1=Q 84. Ka6 Bd3+ 85. Ka7 Be4 86. Ka6 Qb7+ 87. Ka5 Bd3 88. Ka4 Qb5+ 89. Ka3 Bc2 90. Ka2 Qb3+ 91. Ka1 Qb1# 0-1

[Event "3rd FIDE WCCC Blitz G10 2019"]
[Site "Minsk"]
[Date "2019.08.18"]
[Round "5.5"]
[White "Zavivaeva, Evelina"]
[Black "Sidorenja, Milena"]
[Result "0-1"]
[ECO "B01"]
[WhiteElo "1302"]
[BlackElo "1573"]
[Annotator "NA"]
[PlyCount "44"]
[EventDate "2019.08.18"]
[EventType "swiss"]
[EventCountry "BLR"]
[SourceTitle "playchess.com"]
[Source "ChessBase"]
[SourceQuality "1"]
[TimeControl "300+2"]

1. e4 d5 2. exd5 Qxd5 3. Nc3 Qa5 4. Nf3 Nf6 5. d4 Bg4 6. Be2 Nc6 7. O-O O-O-O 8. Be3 e5 9. Bg5 Nxd4 10. Nxd4 Rxd4 11. Bxg4+ Nxg4 12. Qf3 Bd6 13. Rad1 Nxh2 14. Rxd4 Nxf3+ 15. gxf3 exd4 16. Ne4 Re8 17. Nxd6+ cxd6 18. Bf4 Qd5 19. Bg3 h5 20. Rd1 Qxf3 21. Rd3 Re1+ 22. Kh2 Qh1# 0-1

[Event "3rd FIDE WCCC Blitz G10 2019"]
[Site "Minsk"]
[Date "2019.08.18"]
[Round "5.6"]
[White "Tsareva, Darya"]
[Black "Fedorova, Olesya"]
[Result "0-1"]
[ECO "B34"]
[WhiteElo "1177"]
[BlackElo "1524"]
[Annotator "NA"]
[PlyCount "70"]
[EventDate "2019.08.18"]
[EventType "swiss"]
[EventCountry "BLR"]
[SourceTitle "playchess.com"]
[Source "ChessBase"]
[SourceQuality "1"]
[TimeControl "300+2"]

1. e4 c5 2. Nf3 Nc6 3. d4 cxd4 4. Nxd4 g6 5. Nc3 Bg7 6. Be3 Nf6 7. f3 O-O 8. Qd2 d5 9. exd5 Nxd5 10. Bf2 Nxc3 11. bxc3 e5 12. Nxc6 Qxd2+ 13. Kxd2 bxc6 14. Bd3 f5 15. Bc5 Rd8 16. Ke2 Be6 17. a3 Bd5 18. Bb4 a5 19. c4 axb4 20. cxd5 e4 21. fxe4 Bxa1 22. Rxa1 fxe4 23. Bxe4 cxd5 24. Bf3 bxa3 25. c4 Ra7 26. Bxd5+ Kg7 27. Kd3 Rb8 28. Bf3 a2 29. Kc2 Kf6 30. Bd5 Ke5 31. h3 Kd4 32. Be6 Re8 33. Bd5 Re2+ 34. Kb3 Kc5 35. Kc3 Ra3# {[%emt 0:00:08] Kd4+} 0-1

[Event "3rd FIDE WCCC Blitz G10 2019"]
[Site "Minsk"]
[Date "2019.08.18"]
[Round "6.1"]
[White "Satanovskaia, Evgeniia"]
[Black "Ho, Ngoc Vy"]
[Result "1-0"]
[ECO "D45"]
[WhiteElo "1399"]
[BlackElo "1327"]
[Annotator "NA"]
[PlyCount "165"]
[EventDate "2019.08.18"]
[EventType "swiss"]
[EventCountry "BLR"]
[SourceTitle "playchess.com"]
[Source "ChessBase"]
[SourceQuality "1"]
[TimeControl "300+2"]

1. d4 d5 2. c4 c6 3. e3 Nf6 4. Nc3 e6 5. Nf3 Nbd7 6. Qc2 Bd6 7. b3 O-O 8. Be2 Qc7 9. Bb2 e5 10. cxd5 cxd5 11. Rc1 b6 12. O-O e4 13. Ne5 Nxe5 14. dxe5 Bxe5 15. Nxe4 Bxh2+ 16. Kh1 Qxc2 17. Nxf6+ gxf6 18. Rxc2 Be5 19. Bf3 Be6 20. Rd1 Rfd8 21. g3 Rab8 22. Bg2 Rd7 23. f4 Bxb2 24. Rxb2 Rbd8 25. Rbd2 Kg7 26. Kg1 Kg6 27. Rd4 Bg4 28. R1d2 Be6 29. Kf2 f5 30. Bf3 Kf6 31. Be2 Rc7 32. Bf3 Rcd7 33. Kg2 Ke7 34. Kh3 Kf6 35. Kg2 a5 36. Kf2 b5 37. Rc2 Rd6 38. Rc5 b4 39. Rxa5 Rb6 40. Bxd5 Bxd5 41. Rdxd5 Rxd5 42. Rxd5 Ra6 43. Rb5 Rxa2+ 44. Kf3 Ra3 45. Rxb4 Ke6 46. Rb6+ Kd5 47. Rb5+ Ke6 48. e4 fxe4+ 49. Kxe4 f5+ 50. Kd4 Ra1 51. Re5+ Kf6 52. b4 Rb1 53. Kc5 Rc1+ 54. Kb6 h5 55. b5 Rc3 56. Kb7 Rxg3 57. b6 Rb3 58. Kc7 h4 59. b7 h3 60. b8=Q Rxb8 61. Kxb8 h2 62. Re1 Kg6 63. Rh1 Kh5 64. Rxh2+ Kg4 65. Rf2 Kg3 66. Rf1 Kg2 67. Ra1 Kg3 68. Ra4 Kf3 69. Kc7 Kg4 70. Kd6 Kh5 71. Ke5 Kg4 72. Ra6 Kh5 73. Kxf5 Kh4 74. Rg6 Kh5 75. Rg8 Kh6 76. Ke6 Kh7 77. Rg1 Kh8 78. f5 Kh7 79. f6 Kh8 80. f7 Kh7 81. Ke7 Kh8 82. f8=Q+ Kh7 83. Qg7# 1-0

[Event "3rd FIDE WCCC Blitz G10 2019"]
[Site "Minsk"]
[Date "2019.08.18"]
[Round "6.2"]
[White "Sidorenja, Milena"]
[Black "Khamdamova, Afruza"]
[Result "0-1"]
[ECO "C44"]
[WhiteElo "1573"]
[BlackElo "1607"]
[Annotator "NA"]
[PlyCount "114"]
[EventDate "2019.08.18"]
[EventType "swiss"]
[EventCountry "BLR"]
[SourceTitle "playchess.com"]
[Source "ChessBase"]
[SourceQuality "1"]
[TimeControl "300+2"]

1. e4 e5 2. Nf3 Nc6 3. d4 exd4 4. c3 dxc3 5. Nxc3 Bc5 6. Bc4 d6 7. O-O Nf6 8. Nd5 h6 9. h3 O-O 10. Re1 Re8 11. b4 Nxb4 12. Nxb4 Bxb4 13. Qb3 Bxe1 14. Bxf7+ Kh7 15. e5 dxe5 16. Qc2+ e4 17. Bxe8 Bxf2+ 18. Kxf2 Qxe8 19. Bb2 Qg6 20. Nd4 c6 21. Re1 Bd7 22. Re3 Rf8 23. Ke2 Qxg2+ 24. Kd1 Qg1+ 25. Re1 Qg3 26. Ne2 Qxh3 27. Bxf6 Rxf6 28. Qxe4+ Bf5 29. Qd4 c5 30. Qd2 Qf3 31. Kc1 Rb6 32. Nc3 Qd3 33. Qxd3 Bxd3 34. Kd2 Bf5 35. Nd5 Rb2+ 36. Kc1 Rxa2 37. Re5 Bg6 38. Re7 Ra1+ 39. Kb2 Rb1+ 40. Kc3 a5 41. Ne3 a4 42. Nc2 Bxc2 43. Kxc2 Rb5 44. Re1 a3 45. Ra1 Ra5 46. Kb3 b5 47. Ra2 b4 48. Kc4 h5 49. Kb3 h4 50. Kc4 g5 51. Kb3 h3 52. Kc4 g4 53. Kb3 g3 54. Kc4 h2 55. Kb3 h1=Q 56. Rh2+ Qxh2 57. Kc4 Qc2+ 0-1

[Event "3rd FIDE WCCC Blitz G10 2019"]
[Site "Minsk"]
[Date "2019.08.18"]
[Round "6.3"]
[White "Salmina, Veronika"]
[Black "Shukhman, Anna"]
[Result "0-1"]
[ECO "A57"]
[WhiteElo "1391"]
[BlackElo "1806"]
[Annotator "NA"]
[PlyCount "64"]
[EventDate "2019.08.18"]
[EventType "swiss"]
[EventCountry "BLR"]
[SourceTitle "playchess.com"]
[Source "ChessBase"]
[SourceQuality "1"]
[TimeControl "300+2"]

1. d4 Nf6 2. c4 c5 3. d5 b5 4. Nd2 d6 5. e4 b4 6. f4 Nbd7 7. Ngf3 Qc7 8. Be2 g6 9. Qc2 Bg7 10. Nb3 a5 11. a4 O-O 12. h4 h5 13. Ng5 Nb6 14. Rf1 Bd7 15. Nd2 Rab8 16. Ra2 Nxa4 17. b3 Nc3 18. Rb2 Ng4 19. Bxg4 Bxg4 20. Ndf3 a4 21. bxa4 Bd7 22. Qd3 Nxa4 23. Rbf2 b3 24. Qb1 Nc3 25. Qd3 Qa5 26. Bd2 b2 27. Bxc3 Bxc3+ 28. Ke2 Qa2 29. Qc2 Ba4 30. Qxc3 b1=Q+ 31. Ke3 Qbb3 32. Qxb3 Rxb3# 0-1

[Event "3rd FIDE WCCC Blitz G10 2019"]
[Site "Minsk"]
[Date "2019.08.18"]
[Round "6.4"]
[White "Nurgaliyeva, Zarina"]
[Black "Klintsevich, Aliaksandra"]
[Result "1-0"]
[ECO "B11"]
[WhiteElo "1474"]
[BlackElo "1114"]
[Annotator "NA"]
[PlyCount "105"]
[EventDate "2019.08.18"]
[EventType "swiss"]
[EventCountry "BLR"]
[SourceTitle "playchess.com"]
[Source "ChessBase"]
[SourceQuality "1"]
[TimeControl "300+2"]

1. e4 c6 2. Nc3 d5 3. Nf3 Bg4 4. h3 Bh5 5. exd5 cxd5 6. Bb5+ Nc6 7. g4 Bg6 8. Ne5 Rc8 9. d4 Nf6 10. f4 Be4 11. Nxe4 Nxe4 12. Be3 e6 13. g5 Bd6 14. Qf3 O-O 15. Nxc6 bxc6 16. Bd3 Qa5+ 17. c3 c5 18. Bxe4 dxe4 19. Qxe4 cxd4 20. Bxd4 Qf5 21. Qxf5 exf5 22. O-O Rfe8 23. Bxa7 Bc5+ 24. Bxc5 Rxc5 25. Rae1 Rcc8 26. Rxe8+ Rxe8 27. Kf2 Ra8 28. Rd1 g6 29. a3 Rb8 30. Rd2 Kg7 31. a4 Ra8 32. Rd4 Rb8 33. b4 Rc8 34. c4 Ra8 35. a5 Rb8 36. b5 Ra8 37. a6 Ra7 38. c5 Ra8 39. b6 Rxa6 40. b7 Ra2+ 41. Ke3 Rb2 42. c6 Rb6 43. c7 Rb3+ 44. Rd3 Rxb7 45. c8=Q Re7+ 46. Kf3 f6 47. Qc6 fxg5 48. fxg5 Rf7 49. Qc3+ Kg8 50. Rd8+ Rf8 51. Qc4+ Kh8 52. Rxf8+ Kg7 53. Qg8# 1-0

[Event "3rd FIDE WCCC Blitz G10 2019"]
[Site "Minsk"]
[Date "2019.08.18"]
[Round "6.5"]
[White "Fedorova, Olesya"]
[Black "Zubkovskaya, Ekaterina"]
[Result "1-0"]
[ECO "C25"]
[WhiteElo "1524"]
[BlackElo "1363"]
[Annotator "NA"]
[PlyCount "117"]
[EventDate "2019.08.18"]
[EventType "swiss"]
[EventCountry "BLR"]
[SourceTitle "playchess.com"]
[Source "ChessBase"]
[SourceQuality "1"]
[TimeControl "300+2"]

1. e4 e5 2. Nc3 Bc5 3. f4 d6 4. Nf3 exf4 5. d4 Bb4 6. Bxf4 Nf6 7. Bd3 O-O 8. O-O Bg4 9. h3 Bh5 10. Bg5 Bxc3 11. bxc3 h6 12. Bh4 g5 13. Bg3 Bg6 14. Nd2 Nbd7 15. e5 dxe5 16. dxe5 Bxd3 17. cxd3 Nh7 18. Ne4 f5 19. exf6 Nhxf6 20. Nxf6+ Nxf6 21. Qb3+ Kg7 22. Qxb7 Rf7 23. Be5 Rb8 24. Qxa7 Rb6 25. d4 Kg6 26. Qa4 Kg7 27. Rf2 Re6 28. Raf1 c5 29. Qc4 Qd7 30. Qxc5 Rc6 31. Qb4 Re6 32. Qb2 Qd5 33. Qc2 Qc4 34. Qe2 Qc6 35. Qf3 Qxf3 36. Rxf3 Kg6 37. Rxf6+ Rexf6 38. Rxf6+ Rxf6 39. Bxf6 Kxf6 40. Kf2 Kf5 41. Ke3 Ke6 42. Ke4 Kd6 43. Kf5 Kd5 44. Kg6 Kc4 45. Kxh6 Kd5 46. Kxg5 Kc4 47. h4 Kd5 48. h5 Kc4 49. h6 Kd5 50. h7 Kc4 51. h8=Q Kd5 52. Qe5+ Kc6 53. Qc5+ Kd7 54. Qb6 Ke7 55. Qc6 Kd8 56. Qb7 Ke8 57. Kf6 Kd8 58. Ke6 Ke8 59. Qc8# 1-0

[Event "3rd FIDE WCCC Blitz G10 2019"]
[Site "Minsk"]
[Date "2019.08.18"]
[Round "6.6"]
[White "Maklakova, Naomi"]
[Black "Toroptseva, Yevheniia"]
[Result "1-0"]
[ECO "E11"]
[WhiteElo "1221"]
[BlackElo "1480"]
[Annotator "NA"]
[PlyCount "56"]
[EventDate "2019.08.18"]
[EventType "swiss"]
[EventCountry "BLR"]
[SourceTitle "playchess.com"]
[Source "ChessBase"]
[SourceQuality "1"]
[TimeControl "300+2"]

1. Nf3 e6 2. d4 Nf6 3. c4 Bb4+ 4. Bd2 Bxd2+ 5. Nbxd2 c6 6. e3 d5 7. Bd3 Na6 8. a3 Nc7 9. O-O O-O 10. Ne5 Nd7 11. f4 Nxe5 12. fxe5 Qg5 13. Rf3 dxc4 14. Nxc4 Nd5 15. Rg3 Qe7 16. Qg4 f5 17. exf6 Nxf6 18. Qh4 h6 19. Qxh6 Rd8 20. Qg5 Rd5 21. Ne5 Bd7 22. Ng6 Qf7 23. Ne5 Qe7 24. Rf1 b6 25. Rxf6 Rxe5 26. Qxe5 Re8 27. Rfg6 Qf7 28. Rxg7+ Kf8 1-0

[Event "3rd FIDE WCCC Blitz G10 2019"]
[Site "Minsk"]
[Date "2019.08.18"]
[Round "7.1"]
[White "Khamdamova, Afruza"]
[Black "Satanovskaia, Evgeniia"]
[Result "1-0"]
[ECO "C18"]
[WhiteElo "1607"]
[BlackElo "1399"]
[Annotator "NA"]
[PlyCount "102"]
[EventDate "2019.08.18"]
[EventType "swiss"]
[EventCountry "BLR"]
[SourceTitle "playchess.com"]
[Source "ChessBase"]
[SourceQuality "1"]
[TimeControl "300+2"]

1. e4 e6 2. d4 d5 3. Nc3 Bb4 4. e5 c5 5. a3 Bxc3+ 6. bxc3 Nc6 7. Nf3 Nge7 8. Bd3 h6 9. O-O O-O 10. a4 Qa5 11. Bd2 c4 12. Be2 Bd7 13. Nh4 Nf5 14. Nxf5 exf5 15. f4 Qd8 16. Qe1 Kh7 17. Rb1 b6 18. Bf3 Ne7 19. Ra1 Be6 20. Bc1 Ng6 21. Ba3 Rg8 22. g3 Ne7 23. Kh1 g5 24. Qe2 g4 25. Bg2 Qd7 26. Bb4 a5 27. Ba3 Nc6 28. Kg1 Kg7 29. Kf2 Rh8 30. Rh1 Rh7 31. h3 h5 32. hxg4 fxg4 33. Rh4 Bf5 34. Rah1 Rah8 35. Ke1 Bg6 36. Qf2 Rd8 37. Kd1 Ne7 38. Bxe7 Qxe7 39. f5 Bxf5 40. Qxf5 Rdh8 41. Bxd5 Kg8 42. Rxh5 Rxh5 43. Rxh5 Rxh5 44. Qxh5 Kg7 45. Qxg4+ Kf8 46. Qc8+ Kg7 47. Qc6 Qg5 48. Qf6+ Qxf6 49. exf6+ Kxf6 50. Bxc4 Kg5 51. Ke2 f6 1-0

[Event "3rd FIDE WCCC Blitz G10 2019"]
[Site "Minsk"]
[Date "2019.08.18"]
[Round "7.2"]
[White "Shukhman, Anna"]
[Black "Huynh, Phuc Minh Phuong"]
[Result "1-0"]
[ECO "C68"]
[WhiteElo "1806"]
[BlackElo "1254"]
[Annotator "NA"]
[PlyCount "64"]
[EventDate "2019.08.18"]
[EventType "swiss"]
[EventCountry "BLR"]
[SourceTitle "playchess.com"]
[Source "ChessBase"]
[SourceQuality "1"]
[TimeControl "300+2"]

1. e4 e5 2. Nf3 Nc6 3. Bb5 a6 4. Bxc6 dxc6 5. O-O Bd6 6. d4 exd4 7. Qxd4 f6 8. Be3 Ne7 9. Nbd2 Be6 10. Rad1 Qd7 11. Qc3 O-O-O 12. Nc4 Kb8 13. Nxd6 cxd6 14. Bf4 Qc7 15. Nd4 Bf7 16. Rfe1 Ng6 17. Bg3 Ne5 18. f4 Ng6 19. Nf5 Rhg8 20. h4 h5 21. Kh2 Ne7 22. Nxd6 Be6 23. f5 Ka8 24. fxe6 Qb6 25. Nc4 Qa7 26. Qb4 Nc8 27. e7 Rde8 28. Rd7 g5 29. Red1 c5 30. Qb3 gxh4 31. Bf4 Rg4 32. Rd8 b6 1-0

[Event "3rd FIDE WCCC Blitz G10 2019"]
[Site "Minsk"]
[Date "2019.08.18"]
[Round "7.3"]
[White "Ho, Ngoc Vy"]
[Black "Nurgaliyeva, Zarina"]
[Result "1/2-1/2"]
[ECO "E11"]
[WhiteElo "1327"]
[BlackElo "1474"]
[Annotator "NA"]
[PlyCount "78"]
[EventDate "2019.08.18"]
[EventType "swiss"]
[EventCountry "BLR"]
[SourceTitle "playchess.com"]
[Source "ChessBase"]
[SourceQuality "1"]
[TimeControl "300+2"]

1. d4 Nf6 2. c4 e6 3. Nf3 Bb4+ 4. Bd2 a5 5. g3 d6 6. Bg2 Nbd7 7. O-O e5 8. Qc2 O-O 9. e4 Qe7 10. a3 Bxd2 11. Nbxd2 a4 12. b3 axb3 13. Nxb3 exd4 14. Nfxd4 Nb6 15. Rfe1 Be6 16. Nf5 Qd7 17. Nd2 Qa4 18. Ne7+ Kh8 19. Qxa4 Rxa4 20. Nd5 Nxc4 21. Nxc4 Rxc4 22. Rab1 b6 23. Rec1 Rxc1+ 24. Rxc1 Bxd5 25. exd5 Rc8 26. Bh3 Rf8 27. Rxc7 Nxd5 28. Rd7 Nf6 29. Rxd6 b5 30. Rb6 Ra8 31. Rxb5 Rxa3 32. Rb8+ Ng8 33. Rb7 Rf3 34. Kg2 Rf6 35. Bd7 g6 36. g4 h6 37. h4 Kg7 38. Be8 Rf4 39. Kg3 g5 {time} 1/2-1/2

[Event "3rd FIDE WCCC Blitz G10 2019"]
[Site "Minsk"]
[Date "2019.08.18"]
[Round "7.4"]
[White "Maklakova, Naomi"]
[Black "Fedorova, Olesya"]
[Result "1/2-1/2"]
[ECO "A48"]
[WhiteElo "1221"]
[BlackElo "1524"]
[Annotator "NA"]
[PlyCount "123"]
[EventDate "2019.08.18"]
[EventType "swiss"]
[EventCountry "BLR"]
[SourceTitle "playchess.com"]
[Source "ChessBase"]
[SourceQuality "1"]
[TimeControl "300+2"]

1. Nf3 Nf6 2. d4 g6 3. c4 Bg7 4. e3 O-O 5. Bd3 d6 6. O-O c5 7. b3 Nc6 8. Bb2 Bg4 9. Nbd2 h6 10. Qc2 Nb4 11. Qc3 Nxd3 12. Qxd3 cxd4 13. Nxd4 Nd7 14. h3 Nc5 15. Qc2 Bd7 16. b4 Na4 17. b5 Nxb2 18. Qxb2 Rc8 19. Qa3 Qb6 20. Qd3 e5 21. N4b3 e4 22. Nxe4 Bxa1 23. Rxa1 d5 24. Qxd5 Qe6 25. Qxe6 Bxe6 26. c5 Bxb3 27. axb3 f5 28. Nd6 Rxc5 29. Nxb7 Rxb5 30. Rxa7 Rxb3 31. Nd6 Rb6 32. Nc4 Re6 33. Rd7 Rf7 34. Rd8+ Kg7 35. Nd6 Rf8 36. Rd7+ Kf6 37. Nc4 Rc8 38. Nd2 Rc1+ 39. Kh2 Rc2 40. Kg3 g5 41. Nf3 Re7 42. Rd6+ Kg7 43. h4 gxh4+ 44. Nxh4 Rc5 45. Nf3 Rf7 46. Rd8 Kf6 47. Rh8 Kg7 48. Rd8 Rf8 49. Rd7+ Rf7 50. Rd6 Rf6 51. Rd7+ Rf7 52. Rd8 Rf8 53. Rd7+ Rf7 54. Rd8 Rf8 55. Rd7+ Rf7 56. Rd6 Rf6 57. Rd7+ Rf7 58. Rd6 Rf6 59. Rd7+ Rf7 60. Rd6 Rf6 61. Rd7+ Rf7 62. Rd6 1/2-1/2

[Event "3rd FIDE WCCC Blitz G10 2019"]
[Site "Minsk"]
[Date "2019.08.18"]
[Round "7.6"]
[White "Tsareva, Darya"]
[Black "Sidorenja, Milena"]
[Result "0-1"]
[ECO "B01"]
[WhiteElo "1177"]
[BlackElo "1573"]
[Annotator "NA"]
[PlyCount "152"]
[EventDate "2019.08.18"]
[EventType "swiss"]
[EventCountry "BLR"]
[SourceTitle "playchess.com"]
[Source "ChessBase"]
[SourceQuality "1"]
[TimeControl "300+2"]

1. e4 d5 2. exd5 Qxd5 3. Nc3 Qa5 4. d4 Nf6 5. Nf3 Bg4 6. Be2 Nc6 7. Be3 O-O-O 8. Qd2 e5 9. O-O-O Bb4 10. a3 Ne4 11. Qd3 Nxc3 12. axb4 Na2+ 13. Kb1 Ncxb4 14. Qb3 Be6 15. Qa3 Qxa3 16. bxa3 Nc3+ 17. Kb2 Nxd1+ 18. Rxd1 exd4 19. Nxd4 Nd5 20. Nxe6 fxe6 21. Bd4 Rhf8 22. f3 g6 23. Bxa7 b6 24. Ba6+ Kd7 25. c4 Ke7 26. cxd5 exd5 27. Bb7 Ke6 28. a4 Rf5 29. a5 Re5 30. axb6 cxb6 31. Bxb6 Rb8 32. Kc3 Rxb7 33. Bf2 Rg5 34. g3 Rh5 35. h4 Rf5 36. f4 Rd7 37. Bd4 Rf8 38. Be5 Rc8+ 39. Kd4 Rc4+ 40. Ke3 Re4+ 41. Kf3 Rc4 42. Ke3 Ra4 43. Kf3 Ra3+ 44. Kg4 d4 45. Rxd4 h5+ 46. Kh3 Rxd4 47. Bxd4 Rd3 48. Be5 Kf5 49. Bc7 Rc3 50. Be5 Rc2 51. Bd6 Ke4 52. Ba3 Kf3 53. Bd6 Rc1 54. Kh2 Rc2+ 55. Kh3 Rg2 56. f5 gxf5 57. Bf4 Re2 58. Bd6 Re4 59. Bc7 Re2 60. Bf4 Rf2 61. Be5 Rf1 62. Kh2 Re1 63. Bf4 Re2+ 64. Kh3 Re4 65. Bd6 Rg4 66. Bc7 Rg6 67. Bf4 Rg4 68. Bd6 Kf2 69. Bf4 Kf3 70. Be5 Re4 71. Bd6 Kf2 72. Bc5+ Kf1 73. Bd6 Re2 74. Bf4 Kg1 75. g4 fxg4+ 76. Kg3 Rg2# 0-1

[Event "3rd FIDE WCCC Blitz G10 2019"]
[Site "Minsk"]
[Date "2019.08.18"]
[Round "8.1"]
[White "Shukhman, Anna"]
[Black "Khamdamova, Afruza"]
[Result "0-1"]
[ECO "C68"]
[WhiteElo "1806"]
[BlackElo "1607"]
[Annotator "NA"]
[PlyCount "108"]
[EventDate "2019.08.18"]
[EventType "swiss"]
[EventCountry "BLR"]
[SourceTitle "playchess.com"]
[Source "ChessBase"]
[SourceQuality "1"]
[TimeControl "300+2"]

1. e4 e5 2. Nf3 Nc6 3. Bb5 a6 4. Bxc6 dxc6 5. O-O Bg4 6. h3 h5 7. d3 Qf6 8. Nbd2 O-O-O 9. hxg4 hxg4 10. Nh2 g3 11. Qg4+ Kb8 12. Qxg3 Bc5 13. Nc4 Re8 14. Be3 Bxe3 15. fxe3 Qh6 16. Nxe5 Qd6 17. d4 f6 18. Qxg7 Rxh2 19. Kxh2 fxe5 20. dxe5 Rxe5 21. Rf4 Ne7 22. Qf6 Re6 23. Qh8+ Nc8 24. Qd4 Rh6+ 25. Kg1 Qg6 26. Raf1 Qg3 27. Qd2 Qh2+ 28. Kf2 Rg6 29. Rg1 Nd6 30. Kf1 Qg3 31. e5 Nc8 32. Qf2 Qg5 33. Rf5 Qg4 34. Qf3 Qc4+ 35. Qe2 Qxa2 36. Rf6 Rg8 37. e6 Qxb2 38. Rf3 Qc1+ 39. Kf2 Qa3 40. e4 Qe7 41. Qc4 Nb6 42. Qb3 a5 43. Rf7 Qe8 44. e7 a4 45. Qa2 c5 46. Qe6 a3 47. Ke2 Nc8 48. Rgf1 Rxg2+ 49. Kd1 c4 50. Rf8 a2 51. Qe5 Qd7+ 52. Kc1 Qd2+ 53. Kb2 Qxc2+ 54. Ka3 Qb3# 0-1